 Dungeon Sprint DCSS version 0.22-a0-469-gf26638a (webtiles) character file.

703 galech the Fighter (level 7, -1/92 HPs)
             Began as an Ogre Berserker on June 12, 2018.
             Was a Priest of Trog.
             Slain by a neqoxec (6 damage)
             ... in the Dungeon (Sprint II: "The Violet Keep of Menkaure") on June 14, 2018.
             The game lasted 00:01:47 (141 turns).

galech the Fighter (Ogre Berserker)                  Turns: 141, Time: 00:01:47

Health: -1/92      AC:  2    Str: 24      XL:     7   Next: 66%
Magic:  7/7        EV: 10    Int:  7 (8)  God:    Trog [***...]
Gold:   243        SH:  0    Dex:  3 (4)  Spells: 6/6 levels left

rFire    . . .     SeeInvis .   a - +0 mace
rCold    . . .     Gourm    .   (no shield)
rNeg     . . .     Faith    .   b - +0 animal skin
rPois    .         Spirit   .   (helmet restricted)
rElec    .         Reflect  .   (no cloak)
rCorr    .         Harm     .   (gloves unavailable)
MR       .....     NoTele   +   (boots unavailable)
Stlth    +.........             (no amulet)
HPRegen  0.25/turn              (no ring)
MPRegen  0.10/turn              (no ring)

@: berserk cooldown
A: large, unfitting armour, clumsy 2, deformed body, deterioration 1, tough skin
1, subdued magic 2
a: Berserk, Trog's Hand, Renounce Religion


You were in the Dungeon.
You worshipped Trog.
Trog was most pleased with you.
You were not hungry.

You visited 1 branch You collected 243 gold pieces.

Inventory:

Hand Weapons
 a - a +0 mace (weapon)
Armour
 b - a +0 animal skin (worn)
Scrolls
 i - a scroll of blinking
Potions
 d - a potion of curing
 e - a potion of heal wounds
 f - a potion of haste
 g - 2 potions of magic
 h - a potion of berserk rage
Comestibles
 c - a ration


   Skills:
 + Level 12.4 Fighting
 + Level 9.4 Maces & Flails
 + Level 8.8 Dodging


You had 6 spell levels left.
You didn't know any spells.
Your spell library was empty.

Dungeon Overview and Level Annotations

Branches:
Dungeon (1/1)

Altars:

Shops:
D :!=[=[(}(%}?:![:

Annotations:
D exclusion: oklob plant


Innate Abilities, Weirdness & Mutations

You are too large for most types of armour.
You have tough skin. (AC +1)
You are very clumsy. (Dex -4)
Armour fits poorly on your strangely shaped body.
Your body sometimes deteriorates upon taking damage.
Your spells are easier to cast, but less powerful.


Message History

The neqoxec gestures at you.
Strange energies course through your body.
Your body twists and deforms.
The neqoxec misses you. The neqoxec completely misses you.
The crimson imp hits you.
* * * LOW HITPOINT WARNING * * *
Level annotation: exclusion: oklob plant Welcome back, galech the Ogre Berserker.
Trog says: Kill them all!
Press ? for a list of commands and other information.
You sock the neqoxec!
You kill the neqoxec!
Trog accepts your kill.
The crimson imp disappears in a puff of smoke!
The shadow imp disappears in a puff of smoke! x2
You feel your intelligence returning.
You feel your dexterity returning.
Your Fighting skill increases to level 12!
You feel yourself speed up. The neqoxec closely misses you.
The neqoxec hits you.
You die...

## ≈## ############≈≈#++
###########≈≈≈...
##.....§5∩#≈≈≈≈.#
##....∩55@#≈≈≈≈##
##.§.∩.§33#≈≈≈≈#
##..∩.∩..5#≈≈###
##.⌠.∩....#≈##.###+# ##.
##..∩.∩...#≈#..5##.### 5#5
##...∩.∩..'≈'##5†33.5##355
##....∩.∩.#≈#...##.##.#.#
#▓▓▓▓▓▓▓###≈##.###+###5#
##?ZG######≈≈### ###


You could see 2 neqoxecs, a quasit, a crimson imp, a shadow imp and an ufetubus.

Vanquished Creatures
  2 neqoxecs (D)
  Menkaure (D)
  4 necrophages (D)
7 creatures vanquished.

Vanquished Creatures (others)
  A crocodile (D)
1 creature vanquished.

Grand Total: 8 creatures vanquished

Notes
Turn   | Place    | Note
-------+----------+-------------------------------------------
     0 | D        | galech the Ogre Berserker began the quest for the Orb.
     0 | D        | Reached XP level 1. HP: 24/24 MP: 1/1
     1 | D        | Noticed a necrophage
     1 | D        | Noticed a necrophage
     1 | D        | Noticed a necrophage
     1 | D        | Noticed a necrophage
     7 | D        | Killed a necrophage
     7 | D        | Reached skill level 7 in Fighting
     7 | D        | Reached skill level 5 in Maces & Flails
     7 | D        | Reached skill level 5 in Dodging
     7 | D        | Reached XP level 2. HP: 40/40 MP: 2/2
     7 | D        | Reached XP level 3. HP: 46/46 MP: 3/3
     7 | D        | Reached XP level 4. HP: 55/55 MP: 4/4
    11 | D        | Killed a necrophage
    11 | D        | Reached skill level 9 in Fighting
    11 | D        | Reached XP level 5. HP: 67/67 MP: 5/5
    18 | D        | Killed a necrophage
    18 | D        | Reached ** piety under Trog
    18 | D        | Reached skill level 10 in Fighting
    18 | D        | Reached XP level 6. HP: 78/78 MP: 6/6
    21 | D        | Killed a necrophage
    48 | D        | Found Bikhlin's Antique Armour Emporium.
    49 | D        | Found Loerch's Food Shoppe.
    49 | D        | Found Acusaen's Antique Weapon Emporium.
    49 | D        | Found Voqoaf's Jewellery Shoppe.
    49 | D        | Found Nore's Gadget Shoppe.
    49 | D        | Found Jouhees's Magic Scroll Shoppe.
    49 | D        | Found Sir Bol's Antique Armour Emporium.
    49 | D        | Found Ydigutt's Distillery.
    49 | D        | Found Xaheptixt's Antique Weapon Emporium.
    49 | D        | Found Pajoewaa's Book Shoppe.
    49 | D        | Found Evygitti's Gadget Emporium.
    50 | D        | Found Xoelar's Jewellery Shoppe.
    50 | D        | Found Appiaxen's Distillery.
    51 | D        | Found Mikekiek's Book Shoppe.
    51 | D        | Found Salud's Antique Armour Emporium.
    52 | D        | Noticed Menkaure
    52 | D        | Noticed an oklob plant
    53 | D        | Found Fifeack's Book Shoppe.
    65 | D        | Killed Menkaure
    65 | D        | Reached skill level 11 in Fighting
    65 | D        | Reached XP level 7. HP: 80/88 MP: 7/7
    69 | D        | Noticed a great orb of eyes
    73 | D        | Noticed a spiny frog
    73 | D        | Noticed a spiny frog
    99 | D        | Noticed a neqoxec
   106 | D        | Gained mutation: Your spells are a little easier to cast, but a little less powerful. [a neqoxec]
   107 | D        | Killed a neqoxec
   107 | D        | Reached *** piety under Trog
   109 | D        | Noticed a neqoxec
   109 | D        | Noticed a neqoxec
   109 | D        | Noticed a neqoxec
   120 | D        | Gained mutation: You are clumsy. (Dex -2) [a neqoxec]
   121 | D        | Gained mutation: You are very clumsy. (Dex -4) [a neqoxec]
   122 | D        | Gained mutation: Your body sometimes deteriorates upon taking damage. [a neqoxec]
   123 | D        | Gained mutation: Your spells are easier to cast, but less powerful. [a neqoxec]
   140 | D        | Gained mutation: Armour fits poorly on your strangely shaped body. [a neqoxec]
   140 | D        | HP: 4/89 [crimson imp[a neqoxec] (2)]
   141 | D        | Killed a neqoxec
   141 | D        | Reached skill level 12 in Fighting
   141 | D        | Slain by a neqoxec

Vault maps used:
D:        the_violet_keep_of_menkaure

Skill      XL: |  1  2  3  4  5  6  7 |
---------------+----------------------+-----
Fighting       | 7 9 10 11 12 | 12.4
Maces & Flails | 5 6 7 8 9 |  9.4
Dodging        | 5 6 8 |  8.8

Action                   |  1- 3 |  4- 6 |  7- 9 || total
-------------------------+-------+-------+-------++-------
Melee: Mace              |     5 |    19 |    16 ||    40
Invok: Berserk           |     1 |       |     1 ||     2
       Trog's Hand       |       |       |     1 ||     1
Armor: Animal skin       |       |       |     5 ||     5
Dodge: Dodged            |     2 |     5 |    20 ||    27

Table legend:
 A = Spawn XP
 B = Non-spawn XP
 C = Spawn XP percentage of total XP
 D = Spawn monster count
 E = Non-spawn monster count
 F = Spawn count percentage of total count
 G = Total turns spent on level
                    A         B        C        D         E        F      G
               +---------+---------+-------+---------+---------+-------+---------
         Total |       0 |    1005 |   0.0 |       0 |       7 |   0.0 |   141
               +---------+---------+-------+---------+---------+-------+---------
             D |       0 |    1005 |   0.0 |       0 |       7 |   0.0 |   141
               +---------+---------+-------+---------+---------+-------+---------
